 Dungeon Crawl Stone Soup version 0.26-a0-682-g294304f6e8 (webtiles) character file.

Game seed: 7453314839422688216

632 jestyr24 the Conjurer (level 7, -2/63 HPs)
             Began as a Pale Draconian Conjurer on Oct 21, 2020.
             Was an Initiate of Sif Muna.
             Slain by pigah's ghost (3 damage)
             ... on level 4 of the Dungeon.
             The game lasted 00:18:26 (3388 turns).

jestyr24 the Conjurer (Pale Draconian Conjurer)     Turns: 3388, Time: 00:18:27

Health: -2/63      AC:  6    Str:  9    XL:     7   Next: 24%
Magic:  13/16      EV: 14    Int: 21    God:    Sif Muna [......]
Gold:   215        SH:  9    Dex:  9    Spells: 13/16 levels left

rFire    . . .     SeeInvis .   d - +0 dagger
rCold    . . .     Faith    .   n - +0 buckler
rNeg     . . .     Spirit   .   (armour unavailable)
rPois    .         Reflect  +   (helmet restricted)
rElec    .         Harm     .   (no cloak)
rCorr    .         Rampage  .   (no gloves)
MR       .....                  (no boots)
Stlth    +++.......             e - amulet of reflection
HPRegen  0.20/turn              (no ring)
MPRegen  0.15/turn              (no ring)

@: no status effects
A: breathe steam, unfitting armour, deterioration 1, high mp 1, robust 1,
cold-blooded, AC +6
a: Breathe Steam, Renounce Religion


You were on level 4 of the Dungeon.
You worshipped Sif Muna.
Sif Muna was noncommittal.
You visited 1 branch of the dungeon, and saw 4 of its levels.

You collected 215 gold pieces.

Inventory:

Hand Weapons
 d - a +0 dagger (weapon)
 l - a +0 short sword
 r - a +3 battleaxe
Missiles
 m - 2 datura-tipped darts (quivered)
Armour
 k - a +0 tower shield
 n - a +0 buckler (worn)
Jewellery
 e - an amulet of reflection (around neck)
Scrolls
 b - a scroll of enchant armour {unknown}
 c - a scroll of magic mapping
 f - 4 scrolls of remove curse
 i - 2 scrolls of identify
 s - a scroll of fear {unknown}
 u - a scroll of amnesia
Potions
 a - 6 potions of curing
 h - 2 potions of brilliance {unknown}
 j - 3 potions of heal wounds {unknown}
 t - a potion of cancellation {unknown}


   Skills:
 * Level 3.8 Fighting
 - Level 0.2 Short Blades
 * Level 5.0 Dodging
 * Level 5.6 Stealth
 * Level 4.9 Shields
 * Level 5.4 Spellcasting
 * Level 7.5 Conjurations
 * Level 5.5 Invocations


You had 13 spell levels left.
You knew the following spells:

 Your Spells              Type           Power        Failure   Level
a - Magic Dart            Conj           ####         1%          1
b - Searing Ray           Conj           #####.       1%          2

Your spell library contained the following spells:

 Spells                   Type           Power        Failure   Level
 Dazzling Flash           Conj/Hex       ###...       7%          3
 Fulminant Prism          Conj/Hex       ###.......   22%         4
 Iskenderun's Mystic Bla  Conj/Tloc      ###.....     22%         4


Dungeon Overview and Level Annotations

Branches:
Dungeon (4/15)
 Temple: D:4-7

Altars:
Hepliaklqana
Nemelex Xobeh
Ru
Sif Muna
Trog
Uskayaw
Wu Jian
Xom
Yredelemnul

Annotations:
D:4 pigah's ghost, amateur DrWn


Innate Abilities, Weirdness & Mutations

You can breathe blasts of scalding, opaque steam.
Your pale cyan-grey scales are hard. (AC +6)
You cannot fit into any form of body armour.
You are cold-blooded and may be slowed by cold attacks.
Your body sometimes deteriorates upon taking damage.
You have an increased reservoir of magic. (+10% MP)
You are robust. (+10% HP)


Message History

* * * LOW HITPOINT WARNING * * *
It was a potion of mutation.
You feel extremely strange.
You feel more energetic.
You feel yourself wasting away.
You feel robust. Pigah's ghost closely misses you.
It was a potion of magic.
Magic courses through your body. Pigah's ghost hits you.
* * * LOW HITPOINT WARNING * * *
Casting: Magic Dart (safe; 1% risk of failure)
Confirm with . or Enter, or press ? or * to list all spells.
Aiming: Searing Ray (safe; 1% risk of failure)
Press: ? - help, Shift-Dir - straight line, f/p - pigah's ghost
Aim: pigah's ghost (grey smoke, severely damaged)
The searing ray hits pigah's ghost.
Pigah's ghost is almost destroyed. (Press . to maintain the ray.)
You block pigah's ghost's attack.
The searing ray hits pigah's ghost!
Pigah's ghost is almost destroyed.
Pigah's ghost hits you.
You die...

..............* ***,
####..........* *,,,
####..........############ *,*,
..##.....................# *,*,
..##.............[.......### *,**
..###'###+##..§..........'.# *,*
..# #.# *,*#.#§.§§.......#.# *,**
### #.# #.##+#§§§§§......#.# *,,,
.# #.# #....§§§@§§......#.######
.####'###....§§§W§.......#.......
..##....#....##§##.......########
#.##....#.##+#.§.#.......+,,*
#..#....#.#*,#.§.#.......*,**
.#.#....#.#*,#[≈.#,.....,*,*
.#.#....#.#*,#.≈.#**####**,**####
.#.#....#.#*,#.[.#****** *,,,....
.#......#.#*,#####,,,,,***#######


You could see pigah's ghost.

Vanquished Creatures
  A bullfrog (D:4)
  2 orc priests (D:4)
  2 orc wizards (D:4)
  2 worker ants (D:4)
  Terence (D:3)
  2 adders (D:2)
  A worm (D:2)
  A dart slug (D:1)
  2 leopard geckos
  2 orcs (D:4)
  8 bats
  A giant cockroach (D:3)
  8 goblins
  10 hobgoblins
  5 frilled lizards
  4 kobolds
  8 rats
60 creatures vanquished.

Notes
Turn   | Place    | Note
-------+----------+-------------------------------------------
     0 | D:1      | jestyr24 the Draconian Conjurer began the quest for the
                  | Orb.
     0 | D:1      | Reached XP level 1. HP: 14/14 MP: 3/3
   198 | D:1      | Reached XP level 2. HP: 20/20 MP: 0/5
   202 | D:1      | Learned a level 2 spell: Searing Ray
   762 | D:1      | Reached XP level 3. HP: 26/26 MP: 4/6
  1431 | D:2      | Reached skill level 5 in Conjurations
  1705 | D:2      | Reached XP level 4. HP: 33/33 MP: 0/7
  1952 | D:3      | Noticed Terence
  1970 | D:3      | Found an ornate altar of the Wu Jian Council.
  1970 | D:3      | Found a hide-covered altar of Uskayaw.
  1970 | D:3      | Found a hazy altar of Hepliaklqana.
  1984 | D:3      | Killed Terence
  1989 | D:3      | Found a bloodstained altar of Trog.
  1989 | D:3      | Found a sacrificial altar of Ru.
  1991 | D:3      | Found a shimmering blue altar of Sif Muna.
  1991 | D:3      | Found a sparkling altar of Nemelex Xobeh.
  1992 | D:3      | Found a basalt altar of Yredelemnul.
  2000 | D:3      | Became a worshipper of Sif Muna the Loreminder
  2355 | D:3      | Found a shimmering altar of Xom.
  2739 | D:4      | Reached XP level 5. HP: 39/39 MP: 2/9
  2870 | D:4      | Reached skill level 1 in Shields
  2870 | D:4      | Reached skill level 1 in Invocations
  2873 | D:4      | Reached skill level 1 in Fighting
  2874 | D:4      | Reached XP level 6. HP: 7/47 MP: 2/10
  3347 | D:4      | Found a runed translucent door.
  3356 | D:4      | Noticed pigah's ghost (amateur DrWn)
  3378 | D:4      | Reached skill level 5 in Dodging
  3378 | D:4      | Reached skill level 5 in Stealth
  3378 | D:4      | Reached skill level 5 in Spellcasting
  3378 | D:4      | Reached skill level 7 in Conjurations
  3378 | D:4      | Reached skill level 5 in Invocations
  3378 | D:4      | Your scales start taking on a pale cyan-grey colour.
  3378 | D:4      | Reached XP level 7. HP: 18/58 MP: 0/15
  3384 | D:4      | HP: 2/58 [pigah's ghost (8)]
  3385 | D:4      | Gained mutation: You have an increased reservoir of magic.
                  | (+10% MP) [potion of mutation]
  3385 | D:4      | Gained mutation: Your body sometimes deteriorates upon
                  | taking damage. [potion of mutation]
  3385 | D:4      | Gained mutation: You are robust. (+10% HP) [potion of
                  | mutation]
  3388 | D:4      | Slain by pigah's ghost

Illustrated notes

Levels and vault maps discovered:
D:1:      eino_arrival_tree_alley, layout_basic, minmay_misc_feat_rugged
D:2:      layout_rooms
D:3:      layout_rooms, grunt_temple_overflow_open, lemuel_tele_altar,
          uniq_terence
D:4:      layout_basic, ebering_ghost_reflecting_pool, uniq_grinder

Skill      XL: |  1  2  3  4  5  6 |
---------------+-------------------+-----
Stealth        | 2 5 |  5.6
Conjurations   | 5 7 |  7.5
Dodging        | 2 5 |  5.0
Shields        | 1 4 |  4.9
Invocations    | 1 5 |  5.5
Fighting       | 1 3 |  3.8
Spellcasting   | 3 5 |  5.4
Short Blades   | |  0.2

Action                   |  1- 3 |  4- 6 |  7- 9 || total
-------------------------+-------+-------+-------++-------
Melee: Dagger            |    40 |    21 |       ||    61
       Tailslap          |     1 |     1 |       ||     2
 Cast: Magic Dart        |    72 |    21 |     1 ||    94
       Searing Ray       |     1 |    11 |     1 ||    13
 Abil: Breathe Steam     |       |       |     1 ||     1
  Use: Scroll            |       |     2 |     3 ||     5
       Potion            |       |     2 |     2 ||     4
 Stab: Sleeping          |     1 |       |       ||     1
Armor: Skin              |    15 |     4 |       ||    19
Dodge: Dodged            |    37 |    10 |     4 ||    51
Block: Other             |     5 |     3 |       ||     8
       Buckler           |       |    13 |     1 ||    14

Table legend: (Time is in decaauts)
 A = Elapsed time spent in this place.
 B = Non-inter-level travel time spent in this place.
 C = Inter-level travel time spent in this place.
 D = Time resting spent in this place.
 E = Time spent auto-exploring this place.
 F = Levels seen in this place.
 G = Mean time per level.
                   A        B        C        D        E       F      G
               +--------+--------+--------+--------+--------+-----+--------+
         Total |   3387 |   3314 |     73 |   1088 |   1622 |   4 |  846.8 |
       Dungeon |   3387 |   3314 |     73 |   1088 |   1622 |   4 |  846.8 |
               +--------+--------+--------+--------+--------+-----+--------+

Top non-repeatable levels by time:
     D:1: 1060 daAuts
     D:2: 905 daAuts
     D:4: 873 daAuts
     D:3: 549 daAuts
